cohdb
Replays
Latest Replays
All Replays
Popular Replays
Top Player Replays
Match Explorer
How It Works
Community
CoH3 Stats
Reddit
Sign in to upload your games and track your stats! →
Sign in with Steam
Match 45123280
Unlisted
Match 45123280
Overview
Messages
Build Orders
End
Engineer Squad
Construct Weapon Support Center
Selects Armored Battlegroup
Selects Assault Engineers
M1919 Machine Gun Team
Bazooka Squad
Mortar Pit
Bazooka Squad
Assault Engineer Squad
Construct Medical Station
Mechanized Support Center
.30 cal Machine Gun
M3 Armored Personnel Carrier
Bazooka Squad
Improved M9 Bazooka Rockets
Mortar Pit
Bazooka Squad
Construct Tank Depot
Selects Strength in Steel
Selects Seek and Destroy
Selects UNKNOWN (2160077)
M4A3E8 Sherman Easy Eight
Assault Engineer Squad
Assault Engineer Squad
Improvised Armor
Rapid Repairs
M4A3E8 Sherman Easy Eight
昌江县县委书记
papa smurf
nogadaman
Starbuckshunter
SMOKO
welnez
Dr Jello
小学猫
0
0
Comments
sign in to comment!
No comments posted yet!